[Event "November 21 Early 2023"]
[Site "https://www.chess.com"]
[Date "2023.11.21"]
[Round "8"]
[White "Javakhadze, Zurab"]
[Black "Bortnyk, Olexandr"]
[Result "1/2-1/2"]
[Board "12"]
[TimeControl "180+1"]
[WhiteFideId "13603647"]
[BlackFideId "14120828"]
[WhiteElo "2381"]
[BlackElo "2725"]
[WhiteTeam "GEO"]
[BlackTeam "UKR"]
[WhiteClock "0:00:12"]
[BlackClock "0:00:25"]

1. Nf3 Nf6 2. g3 g6 3. Bg2 Bg7 4. O-O O-O 5. d4 d6 6. Nc3 Nc6 7. d5 Na5 8. e4 Bg4 9. h3 Bxf3 10. Bxf3 c6 11. Bg2 Rc8 12. Re1 Nc4 13. Qe2 cxd5 14. exd5 Qa5 15. Qd3 Rfe8 16. Rb1 Nd7 17. Re4 Nxb2 18. Bxb2 Bxc3 19. Bxc3 Rxc3 20. Qe2 Qxa2 21. Rxb7 Rxc2 22. Qe3 Ne5 23. Rxa7 Qxd5 24. Rh4 Qd2 25. Qxd2 Rxd2 26. Rb4 Rxf2 27. Rbb7 Rc2 28. Rxe7 Rxe7 29. Rxe7 h5 30. Bd5 Rd2 31. Bg2 Kg7 32. Ra7 Rd3 33. Kf2 Rd2+ 34. Kf1 Kf6 35. Ra6 Kg5 36. Ra4 f5 37. Rb4 Kf6 38. Ra4 Rd3 39. Kf2 g5 40. Bf1 Rd2+ 41. Be2 g4 42. hxg4 hxg4 43. Ke3 Rb2 44. Ra8 Rb3+ 45. Kf2 d5 46. Ra6+ Ke7 47. Ra5 Kd6 48. Ra6+ Nc6 49. Bd1 Rb2+ 50. Ke3 Rb4 51. Bc2 Kc5 52. Bxf5 Ne5 53. Ra8 Nc4+ 54. Ke2 Nd6 55. Bc2 d4 56. Kd2 Nc4+ 57. Kd3 Ne5+ 58. Ke4 d3+ 59. Kxe5 dxc2 60. Rc8+ Kb6 61. Rxc2 Kb7 62. Kf5 Kb6 63. Kg5 Kb7 64. Rf2 Kc6 65. Rf4 Rb8 66. Kxg4 Kd6 67. Re4 Kd5 68. Re7 Rg8+ 69. Kf4 Rf8+ 70. Kg5 Rg8+ 71. Kh4 Rh8+ 72. Kg4 Rg8+ 73. Kh3 Rh8+ 74. Kg2 Rg8 75. Re1 Rg7 76. Kf3 Rf7+ 77. Kg4 Rg7+ 78. Kf4 Rf7+ 79. Kg5 Rg7+ 80. Kh4 Rh7+ 81. Kg4 Rg7+ 82. Kh3 Rh7+ 83. Kg2 Rg7 84. Re8 Kd6 85. Kf3 Rf7+ 86. Ke2 Rg7 87. Re3 Kd5 88. Kf2 Rf7+ 89. Rf3 Rg7 90. Re3 Rf7+ 91. Kg2 Rg7 92. Re8 Kd6 93. Kf3 Rf7+ 94. Ke4 Rg7 95. Rd8+ Ke7 96. Rd3 Kf6 97. Kf4 Ra7 98. Rd6+ Kg7 99. g4 Ra4+ 100. Kg5 Ra5+ 101. Kh4 Ra1 102. Rd7+ Kg6 103. Rd6+ Kg7 104. Kh5 Rh1+ 105. Kg5 Ra1 106. Rd7+ Kg8 107. Kg6 Ra6+ 108. Kh5 Rb6 109. g5 Ra6 110. Rc7 Rb6 111. Ra7 Rc6 112. Rb7 Rd6 113. Ra7 Rc6 114. g6 Rc1 115. Kh6 Rh1+ 116. Kg5 Rg1+ 117. Kf6 Rf1+ 118. Kg5 Rg1+ 119. Kf6 Rf1+ 120. Kg5 Rg1+ 1/2-1/2

[Event "November 21 Early 2023"]
[Site "https://www.chess.com"]
[Date "2023.11.21"]
[Round "8"]
[White "Vakhlamov, Igor L."]
[Black "Nguyen, Ngoc Truong Son"]
[Result "1/2-1/2"]
[Board "13"]
[TimeControl "180+1"]
[WhiteFideId "24126748"]
[BlackFideId "12401110"]
[WhiteElo "2407"]
[BlackElo "2556"]
[WhiteTeam "RUS"]
[BlackTeam "VIE"]
[WhiteClock "0:00:06"]
[BlackClock "0:00:02"]

1. e4 a6 2. d4 c6 3. c4 d5 4. exd5 cxd5 5. Nc3 Nf6 6. Nf3 g6 7. cxd5 Bg7 8. Bc4 b5 9. Bb3 O-O 10. O-O Bb7 11. Re1 Nxd5 12. Bg5 Re8 13. Nxd5 Bxd5 14. Bxd5 Qxd5 15. Rxe7 Rxe7 16. Bxe7 Nc6 17. Bc5 Re8 18. a3 g5 19. h3 h5 20. b4 g4 21. hxg4 hxg4 22. Ne5 Nxe5 23. dxe5 Qxe5 24. Rb1 Qe4 25. Qb3 Rd8 26. Rd1 Rxd1+ 27. Qxd1 Be5 28. g3 Kh7 29. Qd8 Qb1+ 30. Kh2 Qg6 31. Qd5 Bb2 32. Qb3 Bg7 33. Qd5 Bb2 34. Qb3 Bc1 35. a4 bxa4 36. Qxa4 Bg5 37. Qd1 Qe6 38. Qd3+ f5 39. Kg1 Kg6 40. Kh2 Bf6 41. Kg1 Qc6 42. Qc4 Bg7 43. Qa2 Bf6 44. Qg8+ Bg7 45. Qa2 Bf6 46. Qc4 Bg7 47. Qa2 1/2-1/2

[Event "November 21 Early 2023"]
[Site "https://www.chess.com"]
[Date "2023.11.21"]
[Round "8"]
[White "Ter-Sahakyan, Samvel"]
[Black "Maksimovic, Bojan"]
[Result "0-1"]
[Board "14"]
[TimeControl "180+1"]
[WhiteFideId "13302531"]
[BlackFideId "14408120"]
[WhiteElo "2556"]
[BlackElo "2546"]
[WhiteTeam "ARM"]
[BlackTeam "BIH"]
[WhiteClock "0:00:01"]
[BlackClock "0:00:23"]

1. d4 a6 2. e4 e6 3. Nf3 d5 4. Bd3 c5 5. exd5 exd5 6. O-O c4 7. Re1+ Be7 8. Bf1 Nf6 9. b3 cxb3 10. axb3 O-O 11. Bf4 Re8 12. c3 Nbd7 13. Nbd2 Nf8 14. Bd3 Bg4 15. Qc2 Ng6 16. Bg3 Rc8 17. Ne5 Bh5 18. Qb2 Nd7 19. Bf5 Ngxe5 20. dxe5 Bg6 21. Bxg6 hxg6 22. Nf3 Nf8 23. Rad1 Qc7 24. e6 Qxc3 25. exf7+ Kxf7 26. Qb1 Bf6 27. Rxe8 Rxe8 28. Rxd5 Rc8 29. Rd1 Qc2 30. h4 Qxb1 31. Rxb1 Rc3 32. Ne5+ Bxe5 33. Bxe5 Rc5 34. Re1 Ne6 35. Re3 Rd5 36. f4 a5 37. g4 b5 38. Kf2 a4 39. bxa4 bxa4 40. Kf3 Ra5 41. Ra3 Nc5 42. Bd4 Nd7 43. Ke4 Nf6+ 44. Kf3 Ke6 45. Bc3 Ra6 46. Ba1 Kf7 47. Bc3 Nd5 48. Bd2 Nb6 49. Bc1 Ke6 50. Rc3 Nd5 51. Ra3 Nb4 52. Re3+ Kd5 53. Re5+ Kc4 54. Re4+ Kb3 55. Re3+ Kc2 56. Ba3 Nd3 57. Re7 Kb3 58. Re3 Kxa3 59. Rxd3+ Kb2 60. Rd2+ Kc3 61. Ra2 Kb3 62. Ra1 a3 63. f5 gxf5 64. gxf5 Kb2 65. Rg1 a2 66. h5 a1=Q 67. Rxa1 Kxa1 0-1

[Event "November 21 Early 2023"]
[Site "https://www.chess.com"]
[Date "2023.11.21"]
[Round "8"]
[White "Kuzubov, Yuriy"]
[Black "Materia, Marco"]
[Result "0-1"]
[Board "15"]
[TimeControl "180+1"]
[WhiteFideId "14112906"]
[BlackFideId "45150451"]
[WhiteElo "2487"]
[BlackElo "2451"]
[WhiteTeam "UKR"]
[BlackTeam "FRA"]
[WhiteClock "0:00:00"]
[BlackClock "0:00:45"]

1. d4 Nf6 2. Nf3 d5 3. c4 e6 4. Nc3 Be7 5. cxd5 exd5 6. Bf4 O-O 7. e3 Bg4 8. Qc2 Nbd7 9. Ne5 Bh5 10. Bd3 c6 11. h3 Bg6 12. Nxg6 hxg6 13. h4 Re8 14. O-O-O c5 15. dxc5 Nxc5 16. Bb5 Rf8 17. h5 gxh5 18. Nxd5 Nxd5 19. Rxh5 Nf6 20. Rxd8 Rfxd8 21. Rh1 Rac8 22. Kb1 Nce4 23. Qe2 Rd2 24. Qf3 Rdc2 25. Qd1 Nxf2 26. Qf1 N6e4 27. Bd3 Nd2+ 28. Ka1 Nxf1 29. Bxc2 Nxh1 0-1

[Event "November 21 Early 2023"]
[Site "https://www.chess.com"]
[Date "2023.11.21"]
[Round "8"]
[White "Piesik, Piotr"]
[Black "Baskakov, Egor"]
[Result "1/2-1/2"]
[Board "16"]
[TimeControl "180+1"]
[WhiteFideId "1136194"]
[BlackFideId "24197866"]
[WhiteElo "2309"]
[BlackElo "2225"]
[WhiteTeam "CZE"]
[BlackTeam "RUS"]
[WhiteClock "0:00:08"]
[BlackClock "0:00:09"]

1. Nf3 Nf6 2. g3 e6 3. Bg2 d5 4. O-O Be7 5. d3 O-O 6. Nbd2 d4 7. c3 c5 8. Nb3 Nc6 9. Bf4 Nd5 10. Bd2 e5 11. e4 dxe3 12. fxe3 Bg4 13. e4 Nb6 14. Qe2 a5 15. Be3 Nd7 16. a4 Qb6 17. Qc2 Be6 18. Nbd2 h6 19. Nc4 Qa6 20. Nfd2 b5 21. axb5 Qxb5 22. Na3 Qb7 23. Ndc4 a4 24. Rf2 Rfb8 25. Raf1 Na5 26. Nxa5 Rxa5 27. Qd1 Ra6 28. Nc4 Qc7 29. Bf3 Nb6 30. Na3 Qd7 31. Bh5 Rf8 32. h4 Raa8 33. Kh2 Rad8 34. Rd2 Kh7 35. Bf3 g6 36. h5 gxh5 37. Bxh5 f5 38. exf5 Rxf5 39. Rxf5 Bxf5 40. Qf3 Rf8 41. Qg2 Nd5 42. Nc4 Nxe3 43. Nxe3 Bg5 44. Re2 Bxd3 45. Re1 e4 46. Bg4 Qg7 47. Bf5+ Kh8 48. Bxe4 Bxe4 49. Qxe4 Qf7 50. Rf1 Qe8 51. Rxf8+ Qxf8 52. Qe5+ Qg7 53. Qxc5 Qf7 54. Qd4+ Kg8 55. Ng2 Qe8 56. Qc4+ Kh8 57. Qd4+ Kg8 58. Qd5+ Kh8 59. Qd4+ Kg8 1/2-1/2

[Event "November 21 Early 2023"]
[Site "https://www.chess.com"]
[Date "2023.11.21"]
[Round "8"]
[White "Lazavik, Denis"]
[Black "Begmuratov, Alisher"]
[Result "1-0"]
[Board "17"]
[TimeControl "180+1"]
[WhiteFideId "13515110"]
[BlackFideId "14203367"]
[WhiteElo "2556"]
[BlackElo "2387"]
[WhiteTeam "BLR"]
[BlackTeam "UZB"]
[WhiteClock "0:01:37"]
[BlackClock "0:00:32"]

1. d4 Nf6 2. c4 e6 3. Nf3 Bb4+ 4. Bd2 Qe7 5. g3 Nc6 6. Nc3 Bxc3 7. Bxc3 Ne4 8. Qc2 Nxc3 9. Qxc3 Qb4 10. Kd2 Qxc3+ 11. Kxc3 d6 12. Bg2 Bd7 13. b4 Ke7 14. Ne1 Rhb8 15. Nd3 Nd8 16. a4 c6 17. e4 a5 18. b5 cxb5 19. axb5 Rc8 20. Rhb1 b6 21. e5 Rab8 22. exd6+ Kxd6 23. c5+ Ke7 24. c6 Be8 25. Re1 Nb7 26. d5 Nd6 27. Rab1 Kf6 28. Bh3 Nf5 29. Nf4 g5 30. Nh5+ Kg6 31. dxe6 Kxh5 32. Bxf5 fxe6 33. Rxe6 Bg6 34. Bxg6+ hxg6 35. Rd1 Rf8 36. Rd7 Kg4 37. c7 Rbc8 38. Rxb6 Rf3+ 39. Kc4 Rxf2 40. Rc6 Rc2+ 41. Kb3 Rxh2 42. b6 Rh1 43. Rd8 1-0

[Event "November 21 Early 2023"]
[Site "https://www.chess.com"]
[Date "2023.11.21"]
[Round "8"]
[White "Vignesh N R"]
[Black "Martinez Alcantara, Jose Eduardo"]
[Result "0-1"]
[Board "18"]
[TimeControl "180+1"]
[WhiteFideId "25012215"]
[BlackFideId "3805662"]
[WhiteElo "2425"]
[BlackElo "2703"]
[WhiteTeam "IND"]
[BlackTeam "PER"]
[WhiteClock "0:00:13"]
[BlackClock "0:00:09"]

1. e4 c5 2. Nf3 d6 3. d4 cxd4 4. Nxd4 a6 5. Nc3 e6 6. a4 b6 7. Be2 Bb7 8. O-O Nf6 9. Qd3 Nbd7 10. Re1 Be7 11. Qg3 O-O 12. Bh6 Ne8 13. Bc4 Bh4 14. Qh3 gxh6 15. Rad1 Kh8 16. g3 Bf6 17. Bxe6 Bxd4 18. Bxd7 Bxc3 19. bxc3 Qf6 20. Re3 Rd8 21. Rb1 d5 22. e5 Qg6 23. Bf5 Qc6 24. e6 d4 25. Be4 Qxe6 26. Qxe6 fxe6 27. cxd4 Bxe4 28. Rxe4 Rd6 29. Rbe1 Nc7 30. c4 Rc6 31. a5 b5 32. c5 b4 33. Rb1 Rb8 34. Rb3 Rb5 35. f4 Kg7 36. Re5 Rxa5 37. Rxb4 Rb5 38. Ra4 a5 39. Kf2 Rb4 40. Rxb4 axb4 41. Ke3 Ra6 42. Kd3 Ra2 43. f5 Kf6 44. fxe6 Nxe6 45. Rh5 Kg6 46. Re5 Kf7 47. c6 Ra3+ 48. Kd2 Nxd4 49. Rc5 Nb3+ 0-1

[Event "November 21 Early 2023"]
[Site "https://www.chess.com"]
[Date "2023.11.21"]
[Round "8"]
[White "Bharath Subramaniyam H"]
[Black "Rychkov, Oleg"]
[Result "0-1"]
[Board "19"]
[TimeControl "180+1"]
[WhiteFideId "46634827"]
[BlackFideId "4122852"]
[WhiteElo "2435"]
[BlackElo "2398"]
[WhiteTeam "IND"]
[BlackTeam "RUS"]
[WhiteClock "0:00:01"]
[BlackClock "0:00:05"]

1. e4 e5 2. Nf3 Nc6 3. d4 exd4 4. Nxd4 Nf6 5. Nxc6 bxc6 6. Nd2 d5 7. exd5 cxd5 8. Bb5+ Bd7 9. Bxd7+ Qxd7 10. O-O Be7 11. b3 O-O 12. Bb2 c6 13. Qf3 Rfe8 14. Rad1 a5 15. a4 h6 16. h3 Nh7 17. Nc4 Qa7 18. Ne5 Ng5 19. Qf5 Qc7 20. f4 Bc5+ 21. Kh2 Ne4 22. Qg4 f6 23. Ng6 Nf2 24. Rxf2 Bxf2 25. c4 Rad8 26. Rf1 Be3 27. Nh4 Re4 28. g3 dxc4 29. Bxf6 Rd2+ 30. Kh1 Qd7 31. Nf5 Kh7 32. Bxg7 Bxf4 33. gxf4 Ree2 34. Kg1 Rg2+ 35. Qxg2 Rxg2+ 36. Kxg2 Qxf5 37. Be5 cxb3 38. Rf2 Qe4+ 39. Kg3 Qf5 40. Rd2 c5 41. Rd6 c4 42. Rc6 Qd3+ 43. Kh4 Qe4 44. Rc7+ Kg8 45. Kh5 Kf8 46. Kxh6 Qf5 47. Bd6+ Ke8 48. Be5 Kd8 49. Rb7 Qe6+ 50. Kg5 Qxh3 51. Rb8+ Kd7 52. Rb7+ Kc6 53. Rc7+ Kd5 54. Rd7+ Qxd7 0-1

[Event "November 21 Early 2023"]
[Site "https://www.chess.com"]
[Date "2023.11.21"]
[Round "8"]
[White "Llorente Zaro, Alfonso"]
[Black "Drygalov, Sergey"]
[Result "1/2-1/2"]
[Board "20"]
[TimeControl "180+1"]
[WhiteFideId "2254131"]
[BlackFideId "24171743"]
[WhiteElo "2485"]
[BlackElo "2502"]
[WhiteTeam "ESP"]
[BlackTeam "RUS"]
[WhiteClock "0:00:08"]
[BlackClock "0:00:06"]

1. e4 c5 2. Nf3 d6 3. c4 Nf6 4. Nc3 e5 5. a3 Be7 6. b4 Nc6 7. Rb1 O-O 8. Be2 Ne8 9. O-O Nc7 10. Ne1 Ne6 11. Bg4 Ned4 12. Bxc8 Qxc8 13. Nd5 Bg5 14. Qh5 h6 15. Nf3 Nxf3+ 16. Qxf3 Nd4 17. Qd1 Kh7 18. bxc5 dxc5 19. d3 Bxc1 20. Rxc1 f5 21. exf5 Qxf5 22. Qd2 Rae8 23. f3 Re6 24. Rce1 a6 25. a4 Rd8 26. a5 Qg6 27. Re4 Nc6 28. Kh1 Ne7 29. Nxe7 Rxe7 30. Rfe1 Red7 31. R1e3 Rd4 32. h3 R8d7 33. Qe2 Re7 34. Kg1 Qd6 35. Kf1 Qc7 36. Qe1 Qd6 37. Rxd4 cxd4 38. Re4 Re6 39. Kg1 Qa3 40. Qd2 b6 41. axb6 Rxb6 42. Rxe5 Rb1+ 43. Kh2 Qd6 44. Qf4 Qg6 45. Qe4 Rd1 46. Rd5 Rxd3 47. Rxd4 Qxe4 48. Rxe4 Rc3 49. Kg3 a5 50. Re5 a4 51. Rc5 a3 52. Ra5 Kg6 53. Ra6+ Kf5 54. c5 g5 55. Rxh6 Rxc5 56. Ra6 Rc3 57. Ra4 Rb3 58. h4 gxh4+ 59. Kxh4 Ke5 60. g4 Rxf3 61. Kg5 Kd5 62. Kg6 Kc5 63. g5 Kb5 64. Ra8 Kb4 65. Kh6 Rh3+ 66. Kg7 Kb3 67. g6 a2 68. Kg8 Kb2 69. Rxa2+ Kxa2 70. g7 Kb3 71. Kf8 Rf3+ 72. Ke8 Re3+ 73. Kf8 Rf3+ 74. Ke8 Rg3 75. Kf8 Rf3+ 1/2-1/2

[Event "November 21 Early 2023"]
[Site "https://www.chess.com"]
[Date "2023.11.21"]
[Round "8"]
[White "Chigaev, Maksim"]
[Black "Borsuk, Konstantin"]
[Result "1-0"]
[Board "21"]
[TimeControl "180+1"]
[WhiteFideId "4108116"]
[BlackFideId "14113406"]
[WhiteElo "2561"]
[BlackElo "2410"]
[WhiteTeam "ESP"]
[BlackTeam "UKR"]
[WhiteClock "0:00:19"]
[BlackClock "0:00:01"]

1. d4 Nf6 2. c4 e6 3. g3 Bb4+ 4. Nd2 O-O 5. Bg2 Re8 6. Nf3 b6 7. O-O Bb7 8. Qc2 d5 9. Ne5 Nbd7 10. Ndf3 Ne4 11. cxd5 exd5 12. Nc6 Bxc6 13. Qxc6 Ndf6 14. Bf4 Bd6 15. Be5 Re6 16. Qc2 c5 17. Bxf6 Qxf6 18. e3 Rd8 19. Rad1 g5 20. dxc5 Bxc5 21. Nd4 Ree8 22. a3 a5 23. Qe2 Qg6 24. Nb5 h5 25. Nc7 Re5 26. Qc2 Rd6 27. Nxd5 g4 28. b4 axb4 29. axb4 Nf6 1-0

[Event "November 21 Early 2023"]
[Site "https://www.chess.com"]
[Date "2023.11.21"]
[Round "8"]
[White "Samunenkov, Ihor"]
[Black "Ashraf, Artin"]
[Result "0-1"]
[Board "22"]
[TimeControl "180+1"]
[WhiteFideId "14187086"]
[BlackFideId "22514805"]
[WhiteElo "2473"]
[BlackElo "2235"]
[WhiteTeam "UKR"]
[BlackTeam "IRI"]
[WhiteClock "0:00:00"]
[BlackClock "0:00:04"]

1. d4 Nf6 2. Nc3 d5 3. Bf4 e6 4. Nb5 Bb4+ 5. c3 Ba5 6. a4 a6 7. b4 axb5 8. axb5 Bd7 9. Qd3 c6 10. Nf3 Bc7 11. Rxa8 Bxf4 12. e3 Bd6 13. Ne5 O-O 14. Nxd7 Qxd7 15. bxc6 Qxc6 16. f3 Rc8 17. Ra3 Na6 18. Rb3 Qb6 19. Be2 Nc7 20. O-O e5 21. Rd1 Ne6 22. Qb5 Qc7 23. g3 exd4 24. cxd4 Bxg3 25. hxg3 Qxg3+ 26. Kf1 Ng5 27. Qxb7 Rf8 28. Qb5 Nh3 0-1

[Event "November 21 Early 2023"]
[Site "https://www.chess.com"]
[Date "2023.11.21"]
[Round "8"]
[White "Zhigalko, Sergei"]
[Black "Nagy, Gabor"]
[Result "1/2-1/2"]
[Board "23"]
[TimeControl "180+1"]
[WhiteFideId "13502956"]
[BlackFideId "737119"]
[WhiteElo "2616"]
[BlackElo "2505"]
[WhiteTeam "BLR"]
[BlackTeam "HUN"]
[WhiteClock "0:00:19"]
[BlackClock "0:00:55"]

1. e4 e5 2. Nf3 d6 3. d4 exd4 4. Qxd4 Nf6 5. Nc3 Nc6 6. Bb5 Be7 7. e5 Ng4 8. exd6 Qxd6 9. O-O O-O 10. Qxd6 Bxd6 11. Ne4 Nge5 12. Nxd6 Nxf3+ 13. gxf3 cxd6 14. Rd1 Ne5 15. f4 Nf3+ 16. Kh1 Rd8 17. Be3 Bg4 18. Be2 Nxh2 19. Kxh2 Bxe2 20. Rd2 Bf3 21. Kg3 Be4 22. Rad1 Rac8 23. Rxd6 Rxd6 24. Rxd6 Bxc2 25. Bxa7 h5 26. Bb6 f6 27. Rd8+ Rxd8 28. Bxd8 Kf7 1/2-1/2

[Event "November 21 Early 2023"]
[Site "https://www.chess.com"]
[Date "2023.11.21"]
[Round "8"]
[White "NovozhilovSemen"]
[Black "Rustemov, Alexander"]
[Result "0-1"]
[Board "24"]
[TimeControl "180+1"]
[BlackFideId "4119002"]
[WhiteElo "2756"]
[BlackElo "2890"]
[BlackTeam "RUS"]
[WhiteClock "0:00:04"]
[BlackClock "0:00:31"]

1. d4 d5 2. c4 c6 3. cxd5 cxd5 4. Bg5 h6 5. Bh4 Nf6 6. Bxf6 gxf6 7. Nc3 Nc6 8. e3 f5 9. Bd3 e6 10. f4 Bg7 11. Nf3 Bd7 12. O-O O-O 13. Ne5 Nxe5 14. fxe5 f6 15. exf6 Qxf6 16. Kh1 Kh8 17. Ne2 Qg5 18. Nf4 Rg8 19. Rf3 Bf8 20. Rg3 Qf6 21. Rxg8+ Kxg8 22. Qh5 Qg5 23. Qe2 Rc8 24. Rf1 Bd6 25. h3 a6 26. Rf3 Kh8 27. Kh2 Rg8 28. Kh1 Qh4 29. Qd2 Qg5 30. a3 Rg7 31. b4 Kg8 32. Qa2 Kf7 33. Bf1 Ke7 34. Qb3 Qh4 35. Qc3 Rg8 36. Qd2 Qg5 37. Nd3 b6 38. Ne5 Bxe5 39. dxe5 b5 40. Qd4 Rc8 41. Kh2 Rg8 42. Qc5+ Ke8 43. Qd6 Qg7 44. Qb8+ Ke7 45. Qc7 h5 46. g3 h4 47. a4 hxg3+ 48. Kg2 Rc8 49. Qd6+ Ke8 50. Rxg3 Rc2+ 51. Kf3 Qh7 52. Qb8+ Bc8 53. Rg5 Qh4 54. Bxb5+ axb5 55. Qxb5+ Kf7 56. Rg3 Qe4# 0-1

[Event "November 21 Early 2023"]
[Site "https://www.chess.com"]
[Date "2023.11.21"]
[Round "8"]
[White "Sjugirov, Sanan"]
[Black "Orujov2008"]
[Result "1/2-1/2"]
[Board "25"]
[TimeControl "180+1"]
[WhiteFideId "4189302"]
[WhiteElo "2569"]
[BlackElo "2741"]
[WhiteTeam "HUN"]
[WhiteClock "0:00:13"]
[BlackClock "0:00:07"]

1. d4 d5 2. c4 c6 3. Nf3 Nf6 4. Nc3 e6 5. Bg5 dxc4 6. e4 b5 7. e5 h6 8. Bh4 g5 9. Nxg5 hxg5 10. Bxg5 Be7 11. exf6 Bxf6 12. Bxf6 Qxf6 13. g3 Bb7 14. Bg2 Na6 15. a4 O-O-O 16. axb5 cxb5 17. Bxb7+ Kxb7 18. O-O Nc7 19. Ne4 Qxd4 20. Qf3 Kb8 21. Rfd1 Qe5 22. h4 a6 23. Ng5 Qxb2 24. Qc6 Rd5 25. Nxf7 Rf8 26. Rdb1 Qf6 27. Qb6+ Kc8 28. Ng5 Rd2 29. Ne4 Qd4 30. Qxd4 Rxd4 31. Nc5 c3 32. Rc1 b4 33. Kg2 e5 34. h5 e4 35. h6 e3 36. f4 Rh8 37. Kf3 Rxh6 38. Kxe3 Rc4 39. Nb3 Rd6 40. Ra5 Nd5+ 41. Kf3 Kb7 42. f5 Kb6 43. Rca1 Nc7 44. Re5 c2 45. Re3 Nd5 46. Rd3 Rc3 47. Rxc3 Nxc3 48. Rc1 Rd3+ 49. Kf2 Ne4+ 50. Ke2 Rxb3 51. g4 Rg3 52. Rxc2 Rg2+ 53. Kd3 Rxc2 54. Kxc2 Ng5 55. Kb3 Kb5 56. Kc2 a5 57. Kd3 a4 58. Ke3 a3 59. Kf4 Nf7 60. g5 Nxg5 61. Kxg5 a2 62. f6 a1=Q 63. f7 Qg1+ 64. Kf6 Qf2+ 65. Kg7 Qxf7+ 66. Kh8 b3 1/2-1/2

[Event "November 21 Early 2023"]
[Site "https://www.chess.com"]
[Date "2023.11.21"]
[Round "8"]
[White "Kamsky, Gata"]
[Black "Goltsev, Dmitry"]
[Result "1-0"]
[Board "26"]
[TimeControl "180+1"]
[WhiteFideId "2000024"]
[BlackFideId "24176710"]
[WhiteElo "2660"]
[BlackElo "2370"]
[WhiteTeam "USA"]
[BlackTeam "RUS"]
[WhiteClock "0:00:48"]
[BlackClock "0:00:01"]

1. d4 Nf6 2. Nf3 e6 3. Bf4 b6 4. e3 Bb7 5. h3 d6 6. a4 a5 7. Nbd2 g6 8. Bb5+ Nbd7 9. O-O Bg7 10. Re1 Qe7 11. e4 O-O 12. c3 e5 13. Bg5 h6 14. Bh4 g5 15. Bg3 Nh5 16. Nf1 Nf4 17. Bxd7 Qxd7 18. dxe5 Rad8 19. exd6 Qe6 20. Bxf4 gxf4 21. Qc1 Qxd6 22. e5 Qg6 23. Qxf4 Rd3 24. Nh4 Qc6 25. Ng3 Rfd8 26. Ne4 Qe6 27. Nf6+ Kh8 28. Nf5 Qc6 29. f3 Rd2 30. Nxg7 Kxg7 31. Kh1 R8d3 32. Re4 Qe6 33. Qg3+ 1-0

[Event "November 21 Early 2023"]
[Site "https://www.chess.com"]
[Date "2023.11.21"]
[Round "8"]
[White "Shoker, Samy"]
[Black "Taher, Yoseph Theolifus"]
[Result "1-0"]
[Board "27"]
[TimeControl "180+1"]
[WhiteFideId "627143"]
[BlackFideId "7105347"]
[WhiteElo "2475"]
[BlackElo "2352"]
[WhiteTeam "EGY"]
[BlackTeam "INA"]
[WhiteClock "0:00:18"]
[BlackClock "0:00:00"]

1. Nf3 c5 2. g3 g6 3. Bg2 Bg7 4. O-O Nc6 5. d3 d6 6. c3 Bf5 7. e4 Bd7 8. a3 Qc8 9. Re1 Bh3 10. d4 Bxg2 11. Kxg2 cxd4 12. cxd4 Nf6 13. e5 dxe5 14. dxe5 Ng4 15. Bf4 O-O 16. Nc3 Nh6 17. Rc1 Nf5 18. Re2 Rd8 19. Rd2 Qe6 20. Nd5 g5 21. Nxg5 Qg6 22. e6 f6 23. Nf7 Rf8 24. b4 a6 25. a4 h5 26. b5 axb5 27. axb5 Ne5 28. Qc2 Kh7 29. Ne3 Nh4+ 30. Kh3 Nhf3 31. Qxg6+ Kxg6 32. Rdc2 Nxf7 33. exf7 e5 34. Nd5 exf4 35. Nxf4+ Kh6 36. Rc7 Ra2 37. R1c5 Ng5+ 38. Kg2 Rxf2+ 39. Kxf2 Ne4+ 40. Kf3 Nxc5 41. Rxc5 Kh7 42. Rxh5+ Bh6 43. Nd5 Rxf7 44. Rf5 Kg6 45. g4 Bg5 46. h4 Bxh4 47. Nf4+ Kg7 48. Ne6+ Kg6 49. Ke4 Re7 50. Kd5 Rd7+ 51. Kc5 Be1 52. Nf4+ Kf7 53. Nd5 Bh4 54. g5 1-0

[Event "November 21 Early 2023"]
[Site "https://www.chess.com"]
[Date "2023.11.21"]
[Round "8"]
[White "Gokerkan, Cem Kaan"]
[Black "Tristan, Leonardo"]
[Result "1/2-1/2"]
[Board "28"]
[TimeControl "180+1"]
[WhiteFideId "6336760"]
[BlackFideId "113816"]
[WhiteElo "2365"]
[BlackElo "2483"]
[WhiteTeam "TUR"]
[BlackTeam "ARG"]
[WhiteClock "0:00:03"]
[BlackClock "0:00:05"]

1. e4 d5 2. exd5 Qxd5 3. Nc3 Qa5 4. d4 Nf6 5. Nf3 Bf5 6. Bc4 e6 7. Bd2 Bb4 8. a3 Bxc3 9. Bxc3 Qb6 10. O-O Nc6 11. a4 a5 12. Ne5 O-O 13. Bb5 Nxe5 14. dxe5 Nd5 15. Bd4 c5 16. Bc3 Nxc3 17. bxc3 c4 18. Qe2 Rac8 19. Rfd1 Rfd8 20. h3 h6 21. Rab1 Qc5 22. Rxd8+ Rxd8 23. Bxc4 Bxc2 24. Rxb7 Bxa4 25. Bd3 Bc6 26. Rc7 Qd5 27. Qg4 Qxd3 28. Rxc6 Qd1+ 29. Qxd1 Rxd1+ 30. Kh2 Re1 31. f4 Re4 32. g3 Re2+ 33. Kg1 a4 34. Ra6 Ra2 35. c4 h5 36. c5 Ra3 37. Kf2 h4 38. gxh4 Rxh3 39. Rxa4 Rc3 40. Ra5 Kh7 41. Ke2 Kg6 42. Kd2 Rc4 43. Kd3 Rc1 44. Kd2 Rc4 45. Kd3 Rc1 46. Kd2 Rc4 1/2-1/2

[Event "November 21 Early 2023"]
[Site "https://www.chess.com"]
[Date "2023.11.21"]
[Round "8"]
[White "Matinian, Nikita"]
[Black "Licznerski, Lukasz"]
[Result "0-1"]
[Board "29"]
[TimeControl "180+1"]
[WhiteFideId "24129100"]
[BlackFideId "1179250"]
[WhiteElo "2417"]
[BlackElo "2436"]
[WhiteTeam "FID"]
[BlackTeam "POL"]
[WhiteClock "0:00:03"]
[BlackClock "0:00:11"]

1. e4 c6 2. Nc3 d5 3. Nf3 Bg4 4. h3 Bh5 5. exd5 cxd5 6. g4 Bg6 7. Ne5 Nc6 8. d4 e6 9. Bb5 Rc8 10. Be3 Bb4 11. Qd2 Ne7 12. a3 Qa5 13. Rc1 Bxc3 14. Bxc6+ Nxc6 15. bxc3 Nxe5 16. dxe5 Qxc3 17. Bd4 Qf3 18. Rh2 b6 19. c3 h5 20. g5 h4 21. Qe3 Qf5 22. f4 O-O 23. Rb2 Rc4 24. Rb4 Rfc8 25. Kd2 R8c6 26. Ke2 Bh5+ 27. Kf2 Kh7 28. Kg2 Kg6 29. Re1 Qc2+ 30. Qf2 Rxc3 31. Bxc3 Rxc3 32. f5+ Qxf5 33. Qxf5+ Kxf5 34. Rxh4 Kxg5 35. Ra4 a5 36. Rb1 Kf5 37. Rxb6 Kxe5 38. Rxa5 Bf3+ 39. Kf2 Be4 40. h4 Rh3 41. a4 Rxh4 42. Ra7 Rh2+ 43. Kg1 Rg2+ 44. Kf1 f5 45. Re7 Ra2 46. Rbxe6+ Kf4 47. Ra6 Bd3+ 0-1

[Event "November 21 Early 2023"]
[Site "https://www.chess.com"]
[Date "2023.11.21"]
[Round "8"]
[White "Priasmoro, Novendra"]
[Black "Zakhartsov, Vladimir"]
[Result "0-1"]
[Board "30"]
[TimeControl "180+1"]
[WhiteFideId "7105029"]
[BlackFideId "4145097"]
[WhiteElo "2412"]
[BlackElo "2448"]
[WhiteTeam "INA"]
[BlackTeam "RUS"]
[WhiteClock "0:00:07"]
[BlackClock "0:01:08"]

1. e4 c6 2. d4 d5 3. exd5 cxd5 4. Bd3 Nc6 5. c3 g6 6. Nf3 Bg7 7. Bf4 Bf5 8. Bxf5 gxf5 9. O-O Nf6 10. Re1 Ne4 11. Nfd2 e6 12. f3 Nf6 13. Nf1 Nh5 14. Bc1 O-O 15. Ng3 Qh4 16. Nxh5 Qxh5 17. Bf4 Kh8 18. Nd2 Rg8 19. Nf1 Bf6 20. Ng3 Qh4 21. Qd2 Rg6 22. b4 Rag8 23. a4 Bg5 24. Bxg5 Rxg5 25. a5 f4 26. Nf1 Rxg2+ 27. Qxg2 Rxg2+ 28. Kxg2 Ne7 29. Re5 Nf5 30. Ra2 Qh5 31. Kf2 Qg6 32. Re1 Nh4 0-1

[Event "November 21 Early 2023"]
[Site "https://www.chess.com"]
[Date "2023.11.21"]
[Round "8"]
[White "Shuvalova, Polina"]
[Black "Galaktionov, Artem"]
[Result "1/2-1/2"]
[Board "31"]
[TimeControl "180+1"]
[WhiteFideId "24171760"]
[BlackFideId "24175471"]
[WhiteElo "2342"]
[BlackElo "2367"]
[WhiteTeam "RUS"]
[BlackTeam "RUS"]
[WhiteClock "0:00:10"]
[BlackClock "0:00:11"]

1. e4 c6 2. d4 g6 3. Nf3 Bg7 4. Bd3 d6 5. O-O Nd7 6. Re1 e5 7. c3 Ngf6 8. h3 O-O 9. Nbd2 Qc7 10. a4 a5 11. Qc2 b6 12. Nf1 Bb7 13. Be3 Rfe8 14. N1d2 d5 15. dxe5 Nxe4 16. Nxe4 dxe4 17. Bxe4 Nxe5 18. Nxe5 Bxe5 19. Rad1 Ba6 20. Kh1 Rad8 21. Qb3 Rxd1 22. Rxd1 b5 23. Bf3 Rb8 24. axb5 cxb5 25. Rd5 b4 26. Qd1 bxc3 27. bxc3 Qxc3 28. Rc5 Qb2 29. Rxa5 Bc4 30. g3 Bb3 31. Qc1 Qxc1+ 32. Bxc1 Bd4 33. Kg2 Rc8 34. Bg5 Rc2 35. Bh6 Rxf2+ 36. Kh1 f5 37. Bd5+ Bxd5+ 38. Rxd5 Bf6 39. Bf4 h5 40. Kg1 Re2 41. h4 Kf7 42. Rd7+ Ke6 43. Rd2 Rxd2 44. Bxd2 Kd5 45. Kf2 Ke4 46. Bf4 Be5 47. Bh6 f4 48. gxf4 Bxf4 49. Bf8 Be3+ 50. Kg3 Bd2 51. Be7 Be1+ 52. Kg2 Kf4 53. Kh3 Kf3 54. Bd8 Bd2 55. Be7 Bf4 56. Bd8 Bg3 57. Be7 Bf2 58. Bf6 Ke4 59. Bd8 Kf5 60. Be7 Bd4 61. Bd8 Bf6 62. Bb6 Kf4 63. Bc7+ Kf3 64. Bd6 Bd4 65. Be7 Be3 66. Bd8 Bf4 67. Be7 Bg3 68. Bd8 Bxh4 69. Bxh4 g5 70. Bxg5 h4 71. Bxh4 1/2-1/2